 Dungeon Crawl Stone Soup version 0.20-a0-792-g09bcfd3 (webtiles) character file.

50 FastMan the Chopper (level 3, 0/51 HPs)
             Began as a Minotaur Berserker on Mar 2, 2017.
             Was a Believer of Trog.
             Slain by an iguana (4 damage)
             ... on level 5 of the Dungeon.
             The game lasted 00:00:45 (666 turns).

FastMan the Chopper (Minotaur Berserker)             Turns: 666, Time: 00:00:46

Health: 0/51       AC:  3    Str: 26    XL:     3   Next: 55%
Magic:  2/2        EV: 12    Int:  4    God:    Trog [**....]
Gold:   102        SH:  0    Dex: 10    Spells: 2/2 levels left

rFire    . . .     SeeInvis .   a - +0 hand axe
rCold    . . .     Gourm    .   b - +0 animal skin
rNeg     . . .     Faith    .   (no shield)
rPois    .         Spirit   .   (helmet restricted)
rElec    .         Reflect  .   e - +0 cloak
rCorr    .         Harm     .   (no gloves)
MR       .....                  (no boots)
Stlth    ..........             (no amulet)
Regen    0.2/turn               (no ring)
MPRegen  0.1/turn               (no ring)

@: berserking, lethally poisoned (0 -> -1), very quick
A: retaliatory headbutt, horns 2
a: Berserk, Trog's Hand, Burn Spellbooks, Renounce Religion


You were on level 5 of the Dungeon.
You worshipped Trog.
Trog was pleased with you.
You were not hungry.

You visited 1 branch of the dungeon, and saw 5 of its levels.

You collected 102 gold pieces.

Inventory:

Hand Weapons
 a - a +0 hand axe (weapon)
Armour
 b - a +0 animal skin (worn)
 e - a +0 cloak (worn)
Jewellery
 j - a +4 ring of intelligence {unknown}
Scrolls
 d - a scroll of immolation {unknown}
 g - a scroll of fog {unknown}
 i - a scroll of amnesia {unknown}
 k - 2 scrolls of fear {unknown}
 m - a scroll of identify {unknown}
Potions
 h - a potion of haste {unknown}
 l - a potion of curing {unknown}
 n - a potion of cancellation {unknown}
Comestibles
 c - 4 bread rations {@e1}
 f - 3 chunks of flesh


   Skills:
 + Level 4.4 Fighting
 * Level 4.8 Axes
 - Level 2.4 Armour
 - Level 2.1 Dodging


You had 2 spell levels left.
You didn't know any spells.

Dungeon Overview and Level Annotations

Branches:
Dungeon (5/15)
 Temple: D:4-7

Altars:


Innate Abilities, Weirdness & Mutations

You reflexively headbutt those who attack you in melee.
You have a pair of horns on your head.


Message History

You feel sick.
An iguana comes into view.
Found an escape hatch in the floor.
The iguana hisses angrily.
An iguana is nearby!
You feel sick. The iguana closely misses you.
Found 5 gold pieces.
An iguana is nearby!
You hit the iguana.
The iguana is moderately wounded.
The iguana bites you!
* * * LOW HITPOINT WARNING * * *
An iguana is nearby!
You are too injured to fight recklessly!
You are too injured to fight recklessly!
You are too injured to fight recklessly!
A red film seems to cover your vision as you go berserk!
You feel yourself moving faster!
You feel mighty!
You feel a lot more hungry. The iguana bites you.
You die...

...... ...... . ....
.###. .. ... ..... ...
#.###......
....#####..........
..............##...
.................#
......>@##.....#######
......l.##............
........###.....#.....
$.......# #.....#......
...#....###............#
.. ######...#..........#
# #.###..........#
##.#.............
##...............#


You could see an iguana.

Vanquished Creatures
  3 adders
  A worm (D:2)
  A dart slug (D:2)
  2 giant cockroaches
  3 goblins (D:1)
  A hobgoblin (D:3)
  2 kobolds
  4 frilled lizards
  A jackal skeleton (D:5)
  2 rats (D:1)
20 creatures vanquished.

Notes
Turn   | Place    | Note
-------+----------+-------------------------------------------
     0 | D:1      | FastMan the Minotaur Berserker began the quest for the Orb.
     0 | D:1      | Reached XP level 1. HP: 19/19 MP: 0/0
   263 | D:2      | Reached XP level 2. HP: 27/27 MP: 1/1
   396 | D:3      | Reached XP level 3. HP: 33/33 MP: 2/2
   623 | D:5      | Entered Level 5 of the Dungeon
   644 | D:5      | Reached ** piety under Trog
   666 | D:5      | Slain by an iguana

Vault maps used:
D:1:      elethiomel_arrival_infinity_welcomes_careful_drivers
D:2:      lemuel_coloured_pillars_altar, minmay_stone_trees_small,
          nicolae_underground_beach
D:3:      cheibrodos_ashenzari_chains
D:4:      nicolae_gozag_cash_rules_everything_around_me, first_bread,
          nrook_mini_backslash
D:5:      kennysheep_slugbush, makhleb_heckhound_becter, minmay_holes

Skill      XL: |  1  2 |
---------------+-------+-----
Fighting       | 4 |  4.4
Axes           | 4 |  4.8
Armour         | |  2.4
Dodging        | |  2.1

Action                   || total
-------------------------++-------
Melee: Hand axe          ||    44
       Headbutt          ||     6
Invok: Berserk           ||     1
 Stab: Sleeping          ||     1
Armor: Animal skin       ||     5
Dodge: Dodged            ||    29
